 Dungeon Crawl Stone Soup version 0.29.1-2-gbd0b4ee654 (webtiles) character file.

Game seed: 1973322201795124879

5 nshep25 the Sneak (level 1, -3/18 HPs)
             Began as a Human Delver on Oct 25, 2022.
             Shot with a sling bullet by a goblin (5 damage)
             ... on level 4 of the Dungeon.
             The game lasted 00:00:41 (178 turns).

nshep25 the Sneak (Human Delver)                     Turns: 178, Time: 00:00:42

Health: -3/18      AC:  3    Str: 12    XL:     1   Next: 88%
Magic:  1/1        EV: 12    Int: 10    God:
Gold:   0          SH:  0    Dex: 14    Spells: 0/0 levels left

rFire   . . .      SeeInvis .   a - +0 short sword
rCold   . . .      Faith    .   (no shield)
rNeg    . . .      Spirit   .   b - +0 leather armour
rPois   .          Reflect  .   (no helmet)
rElec   .          Harm     .   (no cloak)
rCorr   .          Rampage  .   (no gloves)
Will    .....                   (no boots)
Stlth   +++.......              (no amulet)
HPRegen 0.06/turn               (no ring)
MPRegen 0.07/turn               (no ring)

@: no status effects
A: no striking features
a: no special abilities


You were on level 4 of the Dungeon.
You visited 1 branch of the dungeon, and saw 2 of its levels.

Inventory:

Hand Weapons
 a - a +0 short sword (weapon)
Armour
 b - a +0 leather armour (worn)
Wands
 g - a wand of digging (3)
Scrolls
 c - a scroll of fog
 d - a scroll of magic mapping
 e - a scroll of fear
 i - a scroll of identify {unknown}
Potions
 f - a potion of haste
 h - a potion of heal wounds {unknown}


   Skills:
 + Level 3.0 Fighting
 + Level 2.1 Short Blades
 + Level 2.0 Dodging
 + Level 5.1 Stealth


You couldn't memorise any spells.
You didn't know any spells.
Your spell library was empty.

Dungeon Overview and Level Annotations

Branches:
Dungeon (5/15)
 Temple: D:4-7

Altars:
Gozag


Message History

The jackal bites you but does no damage.
You barely miss the jackal.
The jackal bites you but does no damage.
You hit the jackal.
The jackal is moderately wounded.
The jackal bites you. x2
You hit the jackal.
The jackal is moderately wounded.
The jackal barely misses you.
You hit the jackal.
You kill the jackal!
Things that are here:
a jackal corpse; a jackal corpse You start resting.
HP restored.
Found a stone staircase leading up.
Found a scroll labelled HOAVAL QAOLIAM.
A gnoll comes into view. It is wielding a +0 halberd.
The gnoll shouts!
You hear a shout! x2
Found an opulent altar of Gozag.
You have 0 gold pieces.
You see here a scroll labelled HOAVAL QAOLIAM.
i - a scroll labelled HOAVAL QAOLIAM
There is a stone staircase leading up here.
You climb upwards.
Found four items.
Found a stone staircase leading up.
There is a stone staircase leading down here.
The orc hits you with a +0 dagger.
The orc priest attacks as you move away!
The orc priest hits you with a +0 mace.
The goblin shouts!
The orc barely misses you. The orc hits you with a +0 club.
The orc attacks as you move away! The orc hits you with a +0 club.
The orc attacks as you move away! The orc hits you but does no damage.
The goblin unwields a +0 dagger.
The goblin wields a +0 sling.
The goblin shoots a sling bullet.
The sling bullet hits you.
* * * LOW HITPOINT WARNING * * *
The orc attacks as you move away! The orc misses you.
The goblin shoots a sling bullet.
The sling bullet hits you.
You die...

....########.###
........#......##
...........g....##
......[>.........#
.................#
.................#
#...?...ooo......#
##...............#
##........@<....#
##.......(....##
#....##..?..##
#.##.######## #..
#. .. ##


You could see an orc priest, 2 orcs and a goblin.

Vanquished Creatures
  4 jackals (D:5)
4 creatures vanquished.

Notes
Turn   | Place    | Note
-------+----------+-------------------------------------------
     0 | D:5      | nshep25 the Human Delver began the quest for the Orb.
     0 | D:5      | Reached XP level 1. HP: 18/18 MP: 1/1
   161 | D:5      | Found an opulent altar of Gozag.
   173 | D:4      | Noticed an orc priest
   178 | D:4      | Shot with a sling bullet by a goblin

Illustrated notes

Levels and vault maps discovered:
D:4:      layout_rooms, nemelex_spade_bored_becter, temple_hall,
          minmay_goblin_outpost, uniq_duvessa
D:5:      layout_rooms, mainiacjoe_overflow_small_starburst, serial_curves,
          eino_curves_03, eino_curves_01, uniq_crazy_yiuf_cottage

Action                   || total
-------------------------++-------
Melee: Short sword       ||    24
Armor: Leather armour    ||    12
Dodge: Dodged            ||    17
